PL
CHICAGO GOLD SOX @ BOSTON PATRIOTS
09/12/2020
 
TOP OF THE 1ST
Chicago Gold Sox batting - Pitching for Boston Patriots : RHP Jorge Aguirre
Pitching: RHP Jorge Aguirre
Batting: RHB Daniel Lallanilla 0-0: SINGLE (Groundball, 5D)
Batting: LHB William Wise 0-0: Ball
1-0: Called Strike
1-1: Called Strike
1-2: Foul Ball, location: 2F
1-2: Ball
2-2: Foul Ball, location: 2F
2-2: Foul Ball, location: 2F
2-2: Ball
3-2: Foul Ball, location: 2F
3-2: Strikes out swinging
Batting: LHB Noel Ballard 0-0: Ball
1-0: Ball
2-0: Called Strike
2-1: Ball
Daniel Lallanilla is caught stealing 2nd base
3-1: Fly out, F7 (Flyball, 7LM)
Top of the 1st over - 0 run(s), 1 hit(s), 0 error(s), 0 left on base; Chicago 0 - Boston 0
BOTTOM OF THE 1ST
Boston Patriots batting - Pitching for Chicago Gold Sox : RHP Ralph McKinney
Pitching: RHP Ralph McKinney
Batting: LHB Roberto Rodríguez 0-0: Ball
1-0: Called Strike
1-1: Foul Ball, location: 2F
1-2: Strikes out swinging
Batting: LHB Bill Chambers 0-0: Ground out 6-3 (Groundball, 6M)
Batting: LHB Chad Armstrong 0-0: Called Strike
0-1: Ball
1-1: Ball
2-1: Ball
3-1: Called Strike
3-2: Fly out, F8 (Flyball, 8LM)
Bottom of the 1st over - 0 run(s), 0 hit(s), 0 error(s), 0 left on base; Chicago 0 - Boston 0
TOP OF THE 2ND
Chicago Gold Sox batting - Pitching for Boston Patriots : RHP Jorge Aguirre
Batting: LHB Herman Hayes 0-0: Called Strike
0-1: Ball
1-1: Fly out, F6 (Popup, 56D)
Batting: RHB Chris Smith 0-0: Called Strike
0-1: Foul Ball, location: 2F
0-2: Strikes out swinging
Batting: LHB Do-hyung Nam 0-0: Ball
1-0: Ball
2-0: Ground out 4-3 (Groundball, 4)
Top of the 2nd over - 0 run(s), 0 hit(s), 0 error(s), 0 left on base; Chicago 0 - Boston 0
BOTTOM OF THE 2ND
Boston Patriots batting - Pitching for Chicago Gold Sox : RHP Ralph McKinney
Batting: LHB Luis Rodríguez 0-0: Ball
1-0: Fly out, F9 (Line Drive, 89M)
Batting: RHB Manuel Villarreal 0-0: Ball
1-0: Foul Ball, location: 2F
1-1: Ball
2-1: Ball
3-1: Swinging Strike
3-2: Foul Ball, location: 2F
3-2: Base on Balls
Batting: RHB Tommy Jones 0-0: Called Strike
0-1: Ball
1-1: Ball
2-1: SINGLE (Flyball, 7LS)
Manuel Villarreal to second
Batting: RHB John MacGregor 0-0: Ball
1-0: Fly out, F8 (Flyball, 8RM)
Batting: RHB Jorge Aguirre 0-0: Foul Ball, location: 2F
0-1: Ball
1-1: Called Strike
1-2: Strikes out swinging
Bottom of the 2nd over - 0 run(s), 1 hit(s), 0 error(s), 2 left on base; Chicago 0 - Boston 0
TOP OF THE 3RD
Chicago Gold Sox batting - Pitching for Boston Patriots : RHP Jorge Aguirre
Batting: RHB Pablo Trujillo 0-0: Called Strike
0-1: Ball
1-1: Foul Ball, location: 2F
1-2: Strikes out swinging
Batting: RHB John Farrell 0-0: Ball
1-0: Ball
2-0: Ball
3-0: Base on Balls
Batting: RHB Ralph McKinney 0-0: Ball
1-0: Sac Bunt - play at first, batter OUT! U3
John Farrell to second
Batting: RHB Daniel Lallanilla 0-0: Called Strike
0-1: Swinging Strike
0-2: Foul Ball, location: 2F
0-2: Ball
1-2: Ball
2-2: Foul Ball, location: 2F
2-2: Ball
3-2: Foul Ball, location: 2F
3-2: Fly out, F8 (Flyball, 8LM)
Top of the 3rd over - 0 run(s), 0 hit(s), 0 error(s), 1 left on base; Chicago 0 - Boston 0
BOTTOM OF THE 3RD
Boston Patriots batting - Pitching for Chicago Gold Sox : RHP Ralph McKinney
Batting: RHB Wilfred McLaughlin 0-0: Called Strike
0-1: Ball
1-1: Fly out, F8 (Line Drive, 8LM)
Batting: LHB Roberto Rodríguez 0-0: Called Strike
0-1: Foul Ball, location: 2F
0-2: Strikes out swinging
Batting: LHB Bill Chambers 0-0: Ball
1-0: Called Strike
1-1: Ground out 4-3 (Groundball, 4)
Bottom of the 3rd over - 0 run(s), 0 hit(s), 0 error(s), 0 left on base; Chicago 0 - Boston 0
TOP OF THE 4TH
Chicago Gold Sox batting - Pitching for Boston Patriots : RHP Jorge Aguirre
Batting: LHB William Wise 0-0: Ball
1-0: Called Strike
1-1: Ball
2-1: Fly out, F8 (Line Drive, 8LM)
Batting: LHB Noel Ballard 0-0: Called Strike
0-1: Foul Ball, location: 2F
0-2: Strikes out swinging
Batting: LHB Herman Hayes 0-0: Swinging Strike
0-1: Foul Ball, location: 2F
0-2: Ball
1-2: Ball
2-2: Foul Ball, location: 2F
2-2: Ground out 4-3 (Groundball, 4)
Top of the 4th over - 0 run(s), 0 hit(s), 0 error(s), 0 left on base; Chicago 0 - Boston 0
BOTTOM OF THE 4TH
Boston Patriots batting - Pitching for Chicago Gold Sox : RHP Ralph McKinney
Batting: LHB Chad Armstrong 0-0: Swinging Strike
0-1: Called Strike
0-2: Ground out U3 (Groundball, 3)
Batting: LHB Luis Rodríguez 0-0: Called Strike
0-1: DOUBLE (Line Drive, 89XD)
Batting: RHB Manuel Villarreal 0-0: Called Strike
0-1: Foul Ball, location: 2F
0-2: Ball
1-2: Strikes out swinging
Batting: RHB Tommy Jones 0-0: Ball
1-0: Ball
2-0: Ball
3-0: Foul Ball, location: 2F
3-1: Base on Balls
Batting: RHB John MacGregor 0-0: Fly out, F7 (Flyball, 78D)
Bottom of the 4th over - 0 run(s), 1 hit(s), 0 error(s), 2 left on base; Chicago 0 - Boston 0
TOP OF THE 5TH
Chicago Gold Sox batting - Pitching for Boston Patriots : RHP Jorge Aguirre
Batting: RHB Chris Smith 0-0: Ground out 5-3 (Groundball, 5)
Batting: LHB Do-hyung Nam 0-0: Ball
1-0: Ball
2-0: Ball
3-0: Base on Balls
Batting: RHB Pablo Trujillo 0-0: Foul Ball, location: 2F
0-1: Swinging Strike
0-2: Ball
1-2: Ball
2-2: Strikes out looking
Batting: RHB John Farrell 0-0: Called Strike
0-1: Ball
1-1: Swinging Strike
1-2: Strikes out swinging
Top of the 5th over - 0 run(s), 0 hit(s), 0 error(s), 1 left on base; Chicago 0 - Boston 0
BOTTOM OF THE 5TH
Boston Patriots batting - Pitching for Chicago Gold Sox : RHP Ralph McKinney
Batting: RHB Jorge Aguirre 0-0: Ball
1-0: Called Strike
1-1: Ball
2-1: Foul Ball, location: 2F
2-2: Foul Ball, location: 2F
2-2: Foul Ball, location: 2F
2-2: Foul Ball, location: 2F
2-2: Strikes out looking
Batting: RHB Wilfred McLaughlin 0-0: Ball
1-0: Swinging Strike
1-1: Ball
2-1: Ground out 5-3 (Groundball, 5L)
Batting: LHB Roberto Rodríguez 0-0: Called Strike
0-1: Fly out, F7 (Flyball, 7LD)
Bottom of the 5th over - 0 run(s), 0 hit(s), 0 error(s), 0 left on base; Chicago 0 - Boston 0
TOP OF THE 6TH
Chicago Gold Sox batting - Pitching for Boston Patriots : RHP Jorge Aguirre
Batting: RHB Ralph McKinney 0-0: Called Strike
0-1: Called Strike
0-2: Strikes out looking
Batting: RHB Daniel Lallanilla 0-0: Ball
1-0: Ball
2-0: Called Strike
2-1: Swinging Strike
2-2: SINGLE (Groundball, 34D)
Batting: LHB William Wise 0-0: Called Strike
0-1: Ball
1-1: Grounds into double play, 4-6-3 (Groundball, 4)
Top of the 6th over - 0 run(s), 1 hit(s), 0 error(s), 0 left on base; Chicago 0 - Boston 0
BOTTOM OF THE 6TH
Boston Patriots batting - Pitching for Chicago Gold Sox : RHP Ralph McKinney
Batting: LHB Bill Chambers 0-0: Ball
1-0: Fly out, F6 (Popup, 56D)
Batting: LHB Chad Armstrong 0-0: Ball
1-0: Ball
2-0: Called Strike
2-1: Ball
3-1: SINGLE (Flyball, 7LS)
Batting: LHB Luis Rodríguez 0-0: Ball
1-0: Foul Ball, location: 2F
1-1: Ball
2-1: Grounds into double play, 3-6-3 (Groundball, 34)
Bottom of the 6th over - 0 run(s), 1 hit(s), 0 error(s), 0 left on base; Chicago 0 - Boston 0
TOP OF THE 7TH
Chicago Gold Sox batting - Pitching for Boston Patriots : RHP Jorge Aguirre
Batting: LHB Noel Ballard 0-0: Foul Ball, location: 2F
0-1: Ball
1-1: Ball
2-1: Ball
3-1: Foul Ball, location: 2F
3-2: Ground out 5-3 (Groundball, 56)
Batting: LHB Herman Hayes 0-0: Foul Ball, location: 2F
0-1: Swinging Strike
0-2: Ball
1-2: Strikes out swinging
Batting: RHB Chris Smith 0-0: Called Strike
0-1: Called Strike
0-2: Foul Ball, location: 2F
0-2: Ball
1-2: Strikes out swinging
Top of the 7th over - 0 run(s), 0 hit(s), 0 error(s), 0 left on base; Chicago 0 - Boston 0
BOTTOM OF THE 7TH
Boston Patriots batting - Pitching for Chicago Gold Sox : RHP Ralph McKinney
Batting: RHB Manuel Villarreal 0-0: Foul Ball, location: 2F
0-1: Foul Ball, location: 2F
0-2: Ground out 1-3 (Groundball, 25)
Batting: RHB Tommy Jones 0-0: Ground out 6-3 (Groundball, 6M)
Batting: RHB John MacGregor 0-0: Ball
1-0: SINGLE (Groundball, 56D) (infield hit)
Pinch Hitting: RHB Manuel Romo 0-0: Ball
1-0: Foul Ball, location: 2F
1-1: Ball
2-1: Foul Ball, location: 2F
2-2: Foul Ball, location: 2F
2-2: Foul Ball, location: 2F
2-2: Ball
3-2: Foul Ball, location: 2F
3-2: Strikes out swinging
Bottom of the 7th over - 0 run(s), 1 hit(s), 0 error(s), 1 left on base; Chicago 0 - Boston 0
TOP OF THE 8TH
Chicago Gold Sox batting - Pitching for Boston Patriots : RHP Jorge Aguirre
Pitching: LHP Jesús Caldero
Batting: LHB Do-hyung Nam 0-0: Ground out 6-3 (Groundball, 6)
Batting: RHB Pablo Trujillo 0-0: Ball
1-0: Called Strike
1-1: Ball
2-1: Called Strike
2-2: Strikes out swinging
Batting: RHB John Farrell 0-0: Ball
1-0: Foul Ball, location: 2F
1-1: Ball
2-1: Ball
3-1: Ground out 6-3 (Groundball, 6M)
Top of the 8th over - 0 run(s), 0 hit(s), 0 error(s), 0 left on base; Chicago 0 - Boston 0
BOTTOM OF THE 8TH
Boston Patriots batting - Pitching for Chicago Gold Sox : RHP Ralph McKinney
Batting: RHB Wilfred McLaughlin 0-0: Called Strike
0-1: Fly out, F9 (Line Drive, 9M)
Pinch Hitting: LHB Jake Shelton 0-0: Called Strike
0-1: Foul Ball, location: 2F
0-2: Ball
1-2: Ball
2-2: Strikes out swinging
Batting: LHB Bill Chambers 0-0: Fly out, F7 (Flyball, 7D)
Bottom of the 8th over - 0 run(s), 0 hit(s), 0 error(s), 0 left on base; Chicago 0 - Boston 0
TOP OF THE 9TH
Chicago Gold Sox batting - Pitching for Boston Patriots : LHP Jesús Caldero
Pitching: RHP Edgardo Marín
Now in LF: Jake Shelton
Pinch Hitting: LHB Chris Hill 0-0: Foul Ball, location: 2F
0-1: Foul Ball, location: 2F
0-2: Ball
1-2: Foul Ball, location: 2F
1-2: SOLO HOME RUN (Flyball, 89XD), Distance : 409 ft
Batting: RHB Daniel Lallanilla 0-0: Foul Ball, location: 2F
0-1: Ball
1-1: Ball
2-1: Ground out 5-3 (Groundball, 56)
Batting: LHB William Wise 0-0: Called Strike
0-1: Ball
1-1: Ball
2-1: Ball
3-1: Base on Balls
Batting: LHB Noel Ballard 0-0: Ball
Wild Pitch!
William Wise to second
1-0: Foul Ball, location: 2F
1-1: Ground out 4-3 (Groundball, 4)
William Wise to third
Batting: LHB Herman Hayes 0-0: Ball
1-0: Swinging Strike
1-1: Fly out, F7 (Flyball, 7M)
Top of the 9th over - 1 run(s), 1 hit(s), 0 error(s), 1 left on base; Chicago 1 - Boston 0
BOTTOM OF THE 9TH
Boston Patriots batting - Pitching for Chicago Gold Sox : RHP Ralph McKinney
Pitching: RHP Lorenzo Marín
Now at C: Earnest Veeck
Now at 3B: Alfredo López
Batting: LHB Chad Armstrong 0-0: Called Strike
0-1: Ball
1-1: Foul Ball, location: 2F
1-2: Foul Ball, location: 2F
1-2: SOLO HOME RUN (Flyball, 89XD), Distance : 410 ft
Batting: LHB Luis Rodríguez 0-0: Ground out 6-3 (Groundball, 6M)
Batting: RHB Manuel Villarreal 0-0: Ball
1-0: Swinging Strike
1-1: Ball
2-1: Ball
3-1: Foul Ball, location: 2F
3-2: Base on Balls
Batting: RHB Tommy Jones 0-0: Ball
1-0: Fly out, F8 (Flyball, 8RS)
Batting: RHB John MacGregor 0-0: Ball
1-0: Foul Ball, location: 2F
1-1: Foul Ball, location: 2F
1-2: Strikes out swinging
Bottom of the 9th over - 1 run(s), 1 hit(s), 0 error(s), 1 left on base; Chicago 1 - Boston 1
TOP OF THE 10TH
Chicago Gold Sox batting - Pitching for Boston Patriots : RHP Edgardo Marín
Batting: RHB Chris Smith 0-0: Called Strike
0-1: Foul Ball, location: 2F
0-2: Foul Ball, location: 2F
0-2: Ball
1-2: Ball
2-2: Ball
3-2: SINGLE (Groundball, 4MD)
Batting: RHB Earnest Veeck 0-0: Ball
1-0: SINGLE (Groundball, 34D)
Chris Smith to second
Batting: RHB Pablo Trujillo 0-0: Called Strike
0-1: Foul Ball, location: 2F
0-2: Ball
1-2: Foul Ball, location: 2F
1-2: Foul Ball, location: 2F
1-2: Foul Ball, location: 2F
1-2: Strikes out swinging
Batting: RHB John Farrell 0-0: Ball
1-0: Ball
2-0: Ground out 5-3 (Groundball, 56)
Chris Smith to third
Earnest Veeck to second
Pinch Hitting: LHB Cristo Ramírez 0-0: Ball
1-0: Called Strike
1-1: Called Strike
1-2: Ball
2-2: Strikes out swinging
Top of the 10th over - 0 run(s), 2 hit(s), 0 error(s), 2 left on base; Chicago 1 - Boston 1
BOTTOM OF THE 10TH
Boston Patriots batting - Pitching for Chicago Gold Sox : RHP Lorenzo Marín
Pitching: RHP Héctor Alarcon
Pinch Hitting: RHB Bill Sackett 0-0: Ball
1-0: Called Strike
1-1: Ground out 1-3 (Groundball, 13S)
Batting: RHB Wilfred McLaughlin 0-0: Swinging Strike
0-1: Foul Ball, location: 2F
0-2: SINGLE (Groundball, 25) (infield hit)
Batting: LHB Jake Shelton 0-0: Ball
1-0: Swinging Strike
1-1: Called Strike
1-2: Ball
Wilfred McLaughlin steals 2nd base
2-2: SINGLE (Groundball, 6MD)
Wilfred McLaughlin to third
Runner from 3rd tries for Home, SAFE, no throw or cutoff
This league is powered by Out of the Park Baseball, the baseball management simulation game for PC, Mac and Linux
Friday, October 23rd, 2015 - OOTP Baseball 16.9 Build 39